 Dungeon Crawl Stone Soup version 0.28-a0-919-g0b5b508569 (webtiles) character file.

Game seed: 12136761417276539370

210 enile the Sneak (level 6, 0/48 HPs)
             Began as a Formicid Abyssal Knight on Nov 25, 2021.
             Was a Believer of Lugonu.
             Succumbed to an adder's poison
             ... on level 4 of the Dungeon.
             The game lasted 00:07:04 (3608 turns).

enile the Sneak (Formicid Abyssal Knight)           Turns: 3608, Time: 00:07:05

Health: 0/48       AC:  3    Str: 18 (19) XL:     6   Next: 12%
Magic:  8/8        EV: 11    Int:  8 (10) God:    Lugonu [**....]
Gold:   86         SH:  0    Dex: 10 (11) Spells: 5/5 levels left

rFire   . . .      SeeInvis +   l - +2 dagger (freeze)
rCold   . . .      Faith    .   (no shield)
rNeg    . . .      Spirit   .   b - +0 leather armour
rPois   .          Reflect  .   (helmet unavailable)
rElec   .          Harm     .   (no cloak)
rCorr   .          Rampage  .   (no gloves)
Will    .....                   (no boots)
Stlth   ++........              (no amulet)
HPRegen 0.16/turn               (no ring)
MPRegen 0.11/turn               (no ring)

@: lethally poisoned (0 -> -5)
A: permanent stasis, dig shafts and tunnels, antennae 3, four strong arms
a: Dig, Shaft Self, Renounce Religion, Depart the Abyss, Bend Space


You were on level 4 of the Dungeon.
You worshipped Lugonu.
Lugonu was pleased with you.
You visited 1 branch of the dungeon, and saw 4 of its levels.
You visited the Abyss 1 time.

You collected 86 gold pieces.

Inventory:

Hand Weapons
 a - a +1 mace
 f - a +0 dagger
 l - a +2 dagger of freezing (weapon)
Armour
 b - a +0 leather armour (worn)
 e - a +0 leather armour
 n - a +0 barding
Scrolls
 g - a scroll of fear {unknown}
 i - a scroll of teleportation {unknown}
 k - 2 scrolls of enchant weapon {unknown}
 m - a scroll of enchant armour {unknown}
 o - 3 scrolls of identify {unknown}
 p - a scroll of blinking {unknown}
Potions
 j - a potion of degeneration


   Skills:
 - Level 4.0 Fighting
 - Level 2.0 Short Blades
 - Level 3.0 Maces & Flails
 - Level 2.1 Armour
 - Level 0.8 Dodging
 + Level 4.5 Stealth
 - Level 3.0 Invocations


You had 5 spell levels left.
You didn't know any spells.
Your spell library contained the following spells:

 Spells                   Type           Power      Damage    Failure   Level
 Slow                     Hex            0%         N/A       45%         1
 Confusing Touch          Hex            0%         N/A       83%         3
 Yara's Violent Unravell  Hex/Tmut       0%         3d3       100%        5


Dungeon Overview and Level Annotations

Branches:
Dungeon (3/15)

Altars:
Ashenzari


Innate Abilities, Weirdness & Mutations

You cannot be hasted, slowed, berserked, paralysed or teleported.
You can dig through walls and to a lower floor.
You have a pair of large antennae on your head. (SInv)
Your four strong arms can wield two-handed weapons with a shield.


Message History

The quokka is almost dead.
The quokka misses you.
You hit the quokka. You freeze the quokka.
You kill the quokka!
Lugonu accepts your kill. The adder bites you.
You are poisoned.
The adder poisons you!
It was a potion of degeneration.
There was something very wrong with that liquid.
You feel weakened.
You feel dopey.
You feel clumsy.
You feel sick. The adder bites you.
Okay, then.
You feel sick.
You extend your mandibles.
You dig through the rock wall.
You feel sick. The adder barely misses you. The adder closely misses you.
You retract your mandibles.
You feel sick.
You are no longer poisoned.
Okay, then.
The adder bites you.
* * * LOW HITPOINT WARNING * * *
Okay, then.
As you read the scroll labelled LUOSAO KOFEM, it crumbles to dust.
The scroll dissolves into smoke.
It was a scroll of fog.
The adder bites you.
* * * LOW HITPOINT WARNING * * *
You are lethally poisoned!
The adder poisons you!
Are you sure you want to shaft yourself?
* * * LOW HITPOINT WARNING * * *
You feel sick. The orc wizard misses you. The adder closely misses you.
You begin to dig a shaft.
You continue digging a shaft.
* * * LOW HITPOINT WARNING * * *
You feel sick. The adder barely misses you.
The orc wizard hits you with a +0 dagger.
* * * LOW HITPOINT WARNING * * *
A shaft appears beneath you!
You fall into a shaft and drop 1 floor!
The shaft crumbles and collapses.
You die...

+# .# ###.##
S...# ##...##
#.@...#
........o.##
###.##.......
# ##...####
##..# ..# ..#
.##


You could see an adder (asleep) and an orc (asleep).

Vanquished Creatures
  2 orc priests (D:3)
  An orc wizard (D:3)
  6 adders
  A worm (D:2)
  2 orcs (D:3)
  4 bats
  6 endoplasms
  A giant cockroach (D:1)
  4 goblins
  4 hobgoblins
  4 jackals (D:1)
  8 quokkas
  10 ball pythons
  3 frilled lizards
  6 kobolds
  7 rats
69 creatures vanquished.

Notes
Turn   | Place    | Note
-------+----------+-------------------------------------------
     0 | Abyss:1  | enile the Formicid Abyssal Knight began the quest for the
                  | Orb.
     0 | Abyss:1  | Reached XP level 1. HP: 18/18 MP: 2/2
     0 | Abyss:1  | Found a corrupted altar of Lugonu.
     2 | D:1      | Escaped the Abyss
   169 | D:1      | Reached * piety under Lugonu
   170 | D:1      | Reached XP level 2. HP: 9/25 MP: 3/3
   466 | D:1      | Reached skill level 1 in Stealth
   573 | D:1      | Reached XP level 3. HP: 10/30 MP: 4/4
  1728 | D:2      | Reached XP level 4. HP: 33/37 MP: 5/5
  1861 | D:2      | Found a broken altar of Ashenzari.
  1911 | D:2      | Reached ** piety under Lugonu
  2023 | D:2      | Found a faded altar of an unknown god.
  2077 | D:2      | Reached skill level 1 in Short Blades
  2867 | D:3      | Reached XP level 5. HP: 42/42 MP: 7/7
  2910 | D:3      | Reached XP level 6. HP: 28/48 MP: 8/8
  3607 | D:3      | HP: 1/48 [orc wizard (2)]
  3608 | D:3      | You fall into a shaft and drop 1 floor!
  3608 | D:4      | Succumbed to an adder's poison

Illustrated notes

Levels and vault maps discovered:
D:1:      lemuel_arrival_lava_pool, layout_loops_ring
D:2:      layout_loops_ring, hellmonk_ecumenical_altar_heavens_door,
          basic_altar, minmay_hexomino_f4
D:3:      layout_basic
D:4:      layout_loops_corners, uniq_natasha, uniq_grinder, uniq_duvessa

Skill      XL: |  1  2  3  4  5 |
---------------+----------------+-----
Fighting       | 4 |  4.0
Stealth        | 2 4 |  4.5
Maces & Flails | 3 |  3.0
Short Blades   | 1 2 |  2.0
Invocations    | 3 |  3.0
Armour         | |  2.1
Dodging        | |  0.8

Action                   |  1- 3 |  4- 6 || total
-------------------------+-------+-------++-------
Melee: Mace              |    85 |       ||    85
       Dagger            |    22 |   110 ||   132
Invok: Depart the Abyss  |     1 |       ||     1
       Bend Space        |       |     2 ||     2
 Abil: Dig               |       |     1 ||     1
       Shaft Self        |       |     1 ||     1
  Use: Potion            |       |     5 ||     5
       Scroll            |       |     1 ||     1
 Stab: Sleeping          |       |     5 ||     5
       Invisible         |       |     4 ||     4
Armor: Leather armour    |    27 |    22 ||    49
Dodge: Dodged            |    68 |    60 ||   128

Table legend: (Time is in decaauts)
 A = Elapsed time spent in this place.
 B = Non-inter-level travel time spent in this place.
 C = Inter-level travel time spent in this place.
 D = Time resting spent in this place.
 E = Time spent auto-exploring this place.
 F = Levels seen in this place.
 G = Mean time per level.
                   A        B        C        D        E       F      G
               +--------+--------+--------+--------+--------+-----+--------+
         Total |   3625 |   3596 |     29 |    128 |   2942 |   5 |  725.0 |
       Dungeon |   3621 |   3592 |     29 |    128 |   2942 |   4 |  905.2 |
         Abyss |      3 |      3 |      0 |      0 |      0 |   1 |    3.0 |
               +--------+--------+--------+--------+--------+-----+--------+

Top non-repeatable levels by time:
     D:1: 1459 daAuts
     D:2: 1319 daAuts
     D:3: 842 daAuts
 Abyss:1: 3 daAuts
